 Seeded DCSS version 0.32-a0-953-g508020473e (webtiles) character file.

Game seed: 20240416 (custom seed)

3906 Orlauf the Carver (level 10, 0/83 HPs)
             Began as a Demonspawn Gladiator on Apr 16, 2024.
             Was a Priest of Uskayaw.
             Slain by a gnoll
             ... wielding a +1 spear of venom
             ... led by a gnoll sergeant
              (3 damage)
             ... on level 8 of the Dungeon.
             The game lasted 00:14:18 (7491 turns).

Orlauf the Carver (Demonspawn Gladiator)            Turns: 7491, Time: 00:14:20

Health: 0/83       AC: 20    Str: 19    XL:     10   Next: 0%
Magic:  14/14      EV:  3    Int:  9    God:    Uskayaw [***...]
Gold:   404        SH:  0    Dex: 14    Spells: 9/9 levels left

rFire   . . .        a - +1 long sword
rCold   . . .        (no shield)
rNeg    . . .        n - +0 chain mail
rPois   .            c - +1 helmet
rElec   .            r - +0 cloak
rCorr   +            g - +0 pair of gloves
SInv    .            (no boots)
Will    +....        l - amulet of reflection Stlth
                     i - ring of willpower
HPRegen 0.33/turn    y - +4 ring of protection
MPRegen 0.14/turn

%: reflection
@: lethally poisoned (0 -> -7), held, wreathed by umbra
A: yellow scales 3, powered by pain 1, foul shadow 1
a: Renounce Religion, Stomp, Line Pass


You were on level 8 of the Dungeon.
You worshipped Uskayaw.
Uskayaw was noncommittal.
You visited 1 branch of the dungeon, and saw 8 of its levels.
You also visited: Ossuary.

You collected 437 gold pieces.
You spent 33 gold pieces at shops.

Inventory:

Hand Weapons
 a - a +1 long sword (weapon)
 b - a +0 short sword
 j - a +0 long sword
 D - a +0 scimitar
Missiles
 d - 2 throwing nets (quivered)
 e - a javelin
 t - 7 poisoned darts
Armour
 c - a +1 helmet (worn)
 g - a +0 pair of gloves (worn)
 n - a +0 chain mail (worn)
 r - a +0 cloak (worn)
Jewellery
 i - a ring of willpower (left hand)
 l - an amulet of reflection (around neck)
 m - an amulet of magic regeneration
 s - a ring of magical power
 y - a +4 ring of protection (right hand)
Wands
 x - a wand of flame (8)
 C - a wand of acid (7)
Scrolls
 q - 2 scrolls of poison
 u - a scroll of enchant armour
 z - a scroll of amnesia
 F - a scroll of teleportation
Potions
 f - 2 potions of ambrosia
 h - a potion of curing
 k - a potion of enlightenment
 o - 3 potions of magic
 p - 2 potions of lignification
 v - 2 potions of berserk rage {unknown}
 w - a potion of attraction {unknown}
 A - a potion of might {unknown}
 B - 2 potions of brilliance {unknown}
 E - a potion of mutation {unknown}
 G - a potion of invisibility {unknown}


   Skills:
 * Level 9.5 Fighting
 + Level 9.6 Long Blades
 - Level 1.7 Throwing
 - Level 2.6 Dodging
 + Level 6.1 Invocations


You had 9 spell levels left.
You didn't know any spells.
Your spell library contained the following spells:

 Spells                   Type           Power      Damage    Failure   Level
 Summon Small Mammal      Summ           0%         N/A       99%         1
 Ensorcelled Hibernation  Hex/Ice        0%         N/A       99%         2
 Call Canine Familiar     Summ           0%         N/A       100%        3
 Passwall                 Erth           0%         N/A       100%        3
 Swiftness                Air            0%         N/A       100%        3
 Volatile Blastmotes      Fire/Tloc      0%         2d10      100%        3
 Fulminant Prism          Conj/Alch      0%         3d5       100%        4
 Iskenderun's Mystic Bla Conj/Tloc 0%             2d3        (+2d1     100%        4
 Summon Blazeheart Golem  Fire/Summ      0%         N/A       100%        4


Dungeon Overview and Level Annotations

Branches:
Dungeon (8/15)             Temple (0/1) D:7         Ossuary (visited)
   Lair: D:8-11

Altars:
Cheibriados
Kikubaaqudgha
Nemelex Xobeh
Okawaru
Uskayaw
Yredelemnul

Shops:
D:3 [   D:4 *[(=


Innate Abilities, Weirdness & Mutations

You are completely covered in yellow scales. (AC +4, rCorr)
You sometimes gain a little power by taking damage.
You are faintly shadowed, very rarely releasing foul flame when damaged in melee.


Message History

The gnoll sergeant blocks your attack.
The gnoll sergeant is heavily wounded.
You feel very sick. The gnoll barely misses you.
The gnoll hits you from afar with a +1 spear of venom.
You are more poisoned.
You block the gnoll sergeant's attack. The gnoll barely misses you.
You slash the gnoll sergeant!
The gnoll sergeant is almost dead.
You feel very sick. You block the gnoll's attack.
The gnoll hits you from afar with a +1 spear of venom!
You are more poisoned.
The gnoll sergeant barely misses you.
The gnoll throws a throwing net.
The throwing net hits you.
You become entangled in the net!
Uskayaw will force your foes to helplessly watch your dance.
Uskayaw prepares the audience for your solo!
You feel better.
You struggle against the net.
The gnoll sergeant is no longer paralysed.
The gnoll is no longer paralysed. x2; The gnoll hits you but does no damage.
The gnoll sergeant hits you with a +0 spear.
The gnoll hits you from afar with a +2 spear of freezing.
The gnoll freezes you.
You tear a large gash into the net.
The gnoll is no longer paralysed.
The gnoll hits you from afar with a +0 halberd.
* * * LOW HITPOINT WARNING * * *
The gnoll hits you from afar with a +1 spear of venom.
* * * LOW HITPOINT WARNING * * *
You are poisoned.
The gnoll sergeant hits you with a +0 spear!
* * * LOW HITPOINT WARNING * * *
The gnoll hits you but does no damage.
You struggle against the net.
You feel very sick.
The gnoll hits you from afar with a +0 halberd!
* * * LOW HITPOINT WARNING * * *
The gnoll hits you from afar with a +1 spear of venom.
You die...
Your body falls in perfect tune with the rhythm.

.# ###.............
.#######...).........##
...##......#..........#
#......#####.....#....
##...### #......# #..##
#......## #....#
##(......## .....#
#.........# .#...#
#....)@g..# ###...
#..........# ##...
#.......ggg...#
...$...........#
.##.............
##............
##...........
..####......


You could see a gnoll sergeant and 3 gnolls.

Vanquished Creatures
  A gargoyle (D:7)
  Maggie (D:7)
  Grinder (D:5)
  A wyvern (D:8)
  Eustachio (D:5)
  A steam dragon (D:5)
  2 water moccasins
  An ice beast (D:6)
  A black bear (D:7)
  An ogre (D:6)
  2 centaurs
  A sky beast (D:6)
  A phantom (D:4)
  3 scorpions
  A bullfrog (D:6)
  A gnoll sergeant (D:7)
  6 wights
  A burial acolyte (Ossuary)
  4 howler monkeys (D:7)
  A centaur zombie (Ossuary)
  2 hounds
  A human zombie (Ossuary)
  2 jellies (D:5)
  A bombardier beetle (D:6)
  A spectral scorpion (Ossuary)
  Crazy Yiuf (D:2)
  2 sleepcaps (D:6)
  A gnoll bouda (D:4)
  Ijyb (D:5)
  5 iguanas
  3 orc wizards
  3 hound zombies (Ossuary)
  4 mummies
  9 adders
  17 gnolls
  A white imp (D:7)
  4 ufetubi
  7 adder zombies (Ossuary)
  6 dart slugs
  35 orcs
  9 ball pythons
  6 endoplasms
  2 giant cockroaches
  10 goblins
  4 hobgoblins
  15 kobolds
  A quokka (D:3)
  2 ball python zombies (Ossuary)
  9 bats
  2 frilled lizards (D:1)
  4 gnoll zombies (Ossuary)
  A hobgoblin zombie (D:7)
  4 jackal zombies (Ossuary)
  3 kobold zombies (Ossuary)
  2 orc zombies
  6 rats
218 creatures vanquished.

Notes
Turn   | Place    | Note
-------+----------+-------------------------------------------
     0 | D:1      | Orlauf the Demonspawn Gladiator began the quest for the
                  | Orb.
     0 | D:1      | Reached XP level 1. HP: 16/16 MP: 1/1
   122 | D:1      | Gained mutation: You sometimes gain a little power by
                  | taking damage. [demonic ancestry]
   122 | D:1      | Reached XP level 2. HP: 22/22 MP: 2/2
   527 | D:1      | Gained mutation: You are partially covered in yellow
                  | scales. (AC +2) [demonic ancestry]
   527 | D:1      | Reached XP level 3. HP: 27/28 MP: 3/3
  1025 | D:2      | Reached XP level 4. HP: 35/35 MP: 4/4
  1037 | D:2      | Found a faded altar of an unknown god.
  1064 | D:2      | You fall into a shaft and drop 1 floor!
  1065 | D:3      | Found Libeupsea's Armour Emporium.
  1742 | D:2      | Found a runed translucent door.
  1743 | D:2      | Noticed Crazy Yiuf
  1755 | D:2      | Killed Crazy Yiuf
  1756 | D:2      | Gained mutation: You are mostly covered in yellow scales.
                  | (AC +3) [demonic ancestry]
  1756 | D:2      | Reached XP level 5. HP: 41/41 MP: 5/5
  2177 | D:3      | Reached skill level 5 in Long Blades
  2244 | D:3      | Found an iron altar of Okawaru.
  2537 | D:4      | Found Joipoasch's Armour Boutique.
  2537 | D:4      | Found Sainam's Antique Weapon Boutique.
  2537 | D:4      | Found Moylakyo's Jewellery Boutique.
  2749 | D:4      | Found Hijuadd's General Store.
  2758 | D:4      | Reached XP level 6. HP: 48/48 MP: 6/6
  2766 | D:4      | Bought a potion of curing for 33 gold pieces
  2863 | D:4      | Found a sparkling altar of Nemelex Xobeh.
  2988 | D:4      | Found an ancient bone altar of Kikubaaqudgha.
  3580 | D:5      | Entered Level 5 of the Dungeon
  3591 | D:5      | Gained mutation: You are faintly shadowed, very rarely
                  | releasing foul flame when damaged in melee. [demonic
                  | ancestry]
  3591 | D:5      | Reached XP level 7. HP: 49/55 MP: 7/7
  3701 | D:5      | Noticed Eustachio
  3708 | D:5      | Noticed Grinder
  3726 | D:5      | Killed Grinder
  3727 | D:5      | Reached skill level 5 in Fighting
  3752 | D:5      | Killed Eustachio
  4240 | D:5      | Gained mutation: You are completely covered in yellow
                  | scales. (AC +4, rCorr) [demonic ancestry]
  4240 | D:5      | Reached XP level 8. HP: 42/64 MP: 8/8
  4544 | D:5      | Noticed Ijyb
  4554 | D:5      | Killed Ijyb
  4668 | D:5      | Identified the +4 glaive of Honour {antimagic, rF+ rC+}
  4868 | D:6      | Identified the +3 leather armour of Gecwoq {rCorr Dex+4
                  | Slay-2 Stlth-}
  4874 | D:6      | Found a snail-covered altar of Cheibriados.
  4994 | D:6      | Found a hide-covered altar of Uskayaw.
  5010 | D:6      | Became a worshipper of Uskayaw the Reveller
  5053 | D:6      | Reached * piety under Uskayaw
  5061 | D:6      | Reached ** piety under Uskayaw
  5070 | D:6      | Reached skill level 1 in Invocations
  5150 | D:6      | Reached *** piety under Uskayaw
  5468 | D:6      | Reached XP level 9. HP: 67/72 MP: 11/11
  5677 | D:7      | Noticed a gargoyle
  5680 | D:7      | Reached **** piety under Uskayaw
  5685 | D:7      | Reached ***** piety under Uskayaw
  5688 | D:7      | Killed a gargoyle
  5728 | D:7      | HP: 3/74 [wight/+3 war axe (7)]
  5895 | D:7      | Noticed Maggie
  5915 | D:7      | Killed Maggie
  6049 | D:7      | Reached skill level 5 in Invocations
  6087 | D:7      | Found a sand-covered staircase.
  6095 | Ossuary  | Entered an ossuary
  6794 | D:7      | Found a staircase to the Ecumenical Temple.
  7331 | D:8      | Reached XP level 10. HP: 83/83 MP: 14/14
  7392 | D:8      | Found a basalt altar of Yredelemnul.
  7491 | D:8      | HP: 3/83 [gnoll/+0 halberd[a gnoll sergeant] (8)]
  7491 | D:8      | Slain by a gnoll

Illustrated notes

Levels and vault maps discovered:
D:1:      saegor_arrival_simple_b, layout_loops_ring
D:2:      layout_loops_ring, basic_ecumenical_altar, uniq_crazy_yiuf_cottage
D:3:      layout_basic, okawaru_altar_gauntlet_db, serial_shops, shop,
          minmay_fountain_box, minivault_23, nicolae_figureground_sparkle
D:4:      layout_loops_ring, mainiacjoe_overflow_alcove_4,
          nemelex_dance_club_becter, serial_shops, shop,
          nicolae_shop_distant_corner_stores
D:5:      layout_loops_ring, uniq_ijyb, uniq_eustachio, uniq_grinder
D:6:      layout_rooms, nicolae_uskayaw_murder_on_the_dancefloor,
          lemuel_crystal_altar, kennysheep_generic_room_10
D:7:      layout_loops_ring, minmay_temple_entry_hall,
          nicolae_ossuary_entry_giza, serial_aquarium,
          aquarium_bridge_long_joined [aquarium_subvault_balcony,
          aquarium_subvault_bridge, aquarium_subvault_bridge,
          aquarium_subvault_balcony, aquarium_subvault_bridge,
          aquarium_subvault_wall], aquarium_window_2, aquarium_window_1,
          aquarium_window_corridor_1, aquarium_window_double, aquarium_view_2b,
          uniq_maggie
D:8:      layout_layer_cave, nzn_wu_jian_contemplation,
          mainiacjoe_overflow_boulevard, minivault_1, nzn_life_drinkers,
          uniq_erica

Skill      XL: |  1  2  3  4  5  6  7  8  9 |
---------------+----------------------------+-----
Long Blades    | 3 4 5 6 7 8 9 |  9.6
Fighting       | 3 4 5 7 9 |  9.5
Invocations    | 2 6 |  6.1
Throwing       | |  1.7
Dodging        | |  2.6

Action                     |  1- 3 |  4- 6 |  7- 9 | 10-12 || total
---------------------------+-------+-------+-------+-------++-------
  Melee: Long sword        |   106 |   259 |   581 |    10 ||   956
  Throw: Throwing net      |       |     2 |     2 |       ||     4
    Use: Scroll            |     6 |     7 |     2 |       ||    15
         Potion            |       |     1 |     2 |     1 ||     4
   Stab: Held in net/web   |       |     3 |       |       ||     3
         Paralysed         |       |       |    16 |       ||    16
 Armour: Leather armour    |    77 |    11 |       |       ||    88
         Chain mail        |       |   197 |   422 |    26 ||   645
  Dodge: Dodged            |    72 |   101 |   250 |     9 ||   432
  Block: Other             |       |    45 |   131 |     3 ||   179
         Reflection        |       |     2 |     4 |       ||     6

Table legend: (Time is in decaauts)
 A = Elapsed time spent in this place.
 B = Non-inter-level travel time spent in this place.
 C = Inter-level travel time spent in this place.
 D = Time resting spent in this place.
 E = Time spent auto-exploring this place.
 F = Levels seen in this place.
 G = Mean time per level.
                   A        B        C        D        E       F      G
               +--------+--------+--------+--------+--------+-----+--------+
         Total |   7537 |   7251 |    286 |    404 |   4573 |   9 |  837.4 |
       Dungeon |   7146 |   6860 |    286 |    404 |   4471 |   8 |  893.2 |
       Ossuary |    390 |    390 |      0 |      0 |    102 |   1 |  390.0 |
               +--------+--------+--------+--------+--------+-----+--------+

Top non-repeatable levels by time:
     D:4: 1197 daAuts
     D:5: 1105 daAuts
     D:7: 1055 daAuts
     D:3: 1014 daAuts
     D:1: 827 daAuts
     D:2: 792 daAuts
     D:6: 740 daAuts
     D:8: 414 daAuts
 Ossuary: 390 daAuts
